Workbook

Sheet Inputs
A1: Greece2Day Financial Tools — #02 Bond Calculator
A2: Συμπληρώστε τα κίτρινα κελιά. Το εργαλείο υπολογίζει Current Yield, YTM, Macaulay Duration και Modified Duration.
A4: Παράμετρος | B4: Τιμή | C4: Μονάδα | D4: Επεξήγηση
A5: Face Value / Ονομαστική Αξία | B5: 1000 | C5: € | D5: Ποσό που αποπληρώνεται στη λήξη
A6: Market Price / Τρέχουσα Τιμή | B6: 950 | C6: € | D6: Τρέχουσα τιμή αγοράς του ομολόγου
A7: Annual Coupon Rate | B7: 0.05 | C7: % | D7: Ετήσιο coupon ως % της ονομαστικής αξίας
A8: Years to Maturity | B8: 5 | C8: έτη | D8: Χρόνια έως τη λήξη
A9: Coupon Frequency | B9: 2 | C9: φορές/έτος | D9: 1 = ετήσιο, 2 = εξαμηνιαίο, 4 = τριμηνιαίο
A10: Settlement Fraction | B10: 0 | C10: περίοδος | D10: 0 = ακριβώς σε ημερομηνία πληρωμής coupon

Sheet Bond Calculator
A1: Bond Calculator — Αποτελέσματα
A3: Μέγεθος | B3: Αποτέλεσμα | D3: Period | E3: Time (yrs) | F3: Cash Flow | G3: PV Cash Flow | H3: t × PV
A4: Annual Coupon (€) | B4: =Inputs!B5*Inputs!B7 -> 50 | D4: 1 | E4: =IF(D4<=$B$6,D4/Inputs!$B$9,"") -> 0.5 | F4: =IF(D4<$B$6,$B$5,IF(D4=$B$6,$B$5+Inputs!$B$5,"")) -> 25 | G4: =IF(D4<=$B$6,F4/(1+$B$8/Inputs!$B$9)^D4,"") -> 24.250934 | H4: =IF(D4<=$B$6,E4*G4,"") -> 12.125467
A5: Coupon per Period (€) | B5: =B4/Inputs!B9 -> 25 | D5: 2 | E5: =IF(D5<=$B$6,D5/Inputs!$B$9,"") -> 1 | F5: =IF(D5<$B$6,$B$5,IF(D5=$B$6,$B$5+Inputs!$B$5,"")) -> 25 | G5: =IF(D5<=$B$6,F5/(1+$B$8/Inputs!$B$9)^D5,"") -> 23.524312 | H5: =IF(D5<=$B$6,E5*G5,"") -> 23.524312
A6: Number of Periods | B6: =Inputs!B8*Inputs!B9 -> 10 | D6: 3 | E6: =IF(D6<=$B$6,D6/Inputs!$B$9,"") -> 1.5 | F6: =IF(D6<$B$6,$B$5,IF(D6=$B$6,$B$5+Inputs!$B$5,"")) -> 25 | G6: =IF(D6<=$B$6,F6/(1+$B$8/Inputs!$B$9)^D6,"") -> 22.819462 | H6: =IF(D6<=$B$6,E6*G6,"") -> 34.229193
A7: Current Yield | B7: =B4/Inputs!B6 -> 0.052631579 | D7: 4 | E7: =IF(D7<=$B$6,D7/Inputs!$B$9,"") -> 2 | F7: =IF(D7<$B$6,$B$5,IF(D7=$B$6,$B$5+Inputs!$B$5,"")) -> 25 | G7: =IF(D7<=$B$6,F7/(1+$B$8/Inputs!$B$9)^D7,"") -> 22.135731 | H7: =IF(D7<=$B$6,E7*G7,"") -> 44.271462
A8: Yield to Maturity (YTM) | B8: =RATE(B6,-B5,Inputs!B6,-Inputs!B5)*Inputs!B9 -> 0.061776246 | D8: 5 | E8: =IF(D8<=$B$6,D8/Inputs!$B$9,"") -> 2.5 | F8: =IF(D8<$B$6,$B$5,IF(D8=$B$6,$B$5+Inputs!$B$5,"")) -> 25 | G8: =IF(D8<=$B$6,F8/(1+$B$8/Inputs!$B$9)^D8,"") -> 21.472486 | H8: =IF(D8<=$B$6,E8*G8,"") -> 53.681215
A9: Macaulay Duration (years) | B9: =SUM(H4:H163)/SUM(G4:G163) -> 4.4692057 | D9: 6 | E9: =IF(D9<=$B$6,D9/Inputs!$B$9,"") -> 3 | F9: =IF(D9<$B$6,$B$5,IF(D9=$B$6,$B$5+Inputs!$B$5,"")) -> 25 | G9: =IF(D9<=$B$6,F9/(1+$B$8/Inputs!$B$9)^D9,"") -> 20.829114 | H9: =IF(D9<=$B$6,E9*G9,"") -> 62.487341
A10: Modified Duration (years) | B10: =B9/(1+B8/Inputs!B9) -> 4.3352966 | D10: 7 | E10: =IF(D10<=$B$6,D10/Inputs!$B$9,"") -> 3.5 | F10: =IF(D10<$B$6,$B$5,IF(D10=$B$6,$B$5+Inputs!$B$5,"")) -> 25 | G10: =IF(D10<=$B$6,F10/(1+$B$8/Inputs!$B$9)^D10,"") -> 20.205019 | H10: =IF(D10<=$B$6,E10*G10,"") -> 70.717565
A11: Approx. Price Change for +1% yield | B11: =-B10*1% -> -0.043352966 | D11: 8 | E11: =IF(D11<=$B$6,D11/Inputs!$B$9,"") -> 4 | F11: =IF(D11<$B$6,$B$5,IF(D11=$B$6,$B$5+Inputs!$B$5,"")) -> 25 | G11: =IF(D11<=$B$6,F11/(1+$B$8/Inputs!$B$9)^D11,"") -> 19.599623 | H11: =IF(D11<=$B$6,E11*G11,"") -> 78.398492
A12: Approx. Price Change for −1% yield | B12: =B10*1% -> 0.043352966 | D12: 9 | E12: =IF(D12<=$B$6,D12/Inputs!$B$9,"") -> 4.5 | F12: =IF(D12<$B$6,$B$5,IF(D12=$B$6,$B$5+Inputs!$B$5,"")) -> 25 | G12: =IF(D12<=$B$6,F12/(1+$B$8/Inputs!$B$9)^D12,"") -> 19.012367 | H12: =IF(D12<=$B$6,E12*G12,"") -> 85.55565
D13: 10 | E13: =IF(D13<=$B$6,D13/Inputs!$B$9,"") -> 5 | F13: =IF(D13<$B$6,$B$5,IF(D13=$B$6,$B$5+Inputs!$B$5,"")) -> 1025 | G13: =IF(D13<=$B$6,F13/(1+$B$8/Inputs!$B$9)^D13,"") -> 756.15095 | H13: =IF(D13<=$B$6,E13*G13,"") -> 3780.7548
D14: 11 | E14: =IF(D14<=$B$6,D14/Inputs!$B$9,"") | F14: =IF(D14<$B$6,$B$5,IF(D14=$B$6,$B$5+Inputs!$B$5,"")) | G14: =IF(D14<=$B$6,F14/(1+$B$8/Inputs!$B$9)^D14,"") | H14: =IF(D14<=$B$6,E14*G14,"")
D15: 12 | E15: =IF(D15<=$B$6,D15/Inputs!$B$9,"") | F15: =IF(D15<$B$6,$B$5,IF(D15=$B$6,$B$5+Inputs!$B$5,"")) | G15: =IF(D15<=$B$6,F15/(1+$B$8/Inputs!$B$9)^D15,"") | H15: =IF(D15<=$B$6,E15*G15,"")
D16: 13 | E16: =IF(D16<=$B$6,D16/Inputs!$B$9,"") | F16: =IF(D16<$B$6,$B$5,IF(D16=$B$6,$B$5+Inputs!$B$5,"")) | G16: =IF(D16<=$B$6,F16/(1+$B$8/Inputs!$B$9)^D16,"") | H16: =IF(D16<=$B$6,E16*G16,"")
D17: 14 | E17: =IF(D17<=$B$6,D17/Inputs!$B$9,"") | F17: =IF(D17<$B$6,$B$5,IF(D17=$B$6,$B$5+Inputs!$B$5,"")) | G17: =IF(D17<=$B$6,F17/(1+$B$8/Inputs!$B$9)^D17,"") | H17: =IF(D17<=$B$6,E17*G17,"")
D18: 15 | E18: =IF(D18<=$B$6,D18/Inputs!$B$9,"") | F18: =IF(D18<$B$6,$B$5,IF(D18=$B$6,$B$5+Inputs!$B$5,"")) | G18: =IF(D18<=$B$6,F18/(1+$B$8/Inputs!$B$9)^D18,"") | H18: =IF(D18<=$B$6,E18*G18,"")
D19: 16 | E19: =IF(D19<=$B$6,D19/Inputs!$B$9,"") | F19: =IF(D19<$B$6,$B$5,IF(D19=$B$6,$B$5+Inputs!$B$5,"")) | G19: =IF(D19<=$B$6,F19/(1+$B$8/Inputs!$B$9)^D19,"") | H19: =IF(D19<=$B$6,E19*G19,"")
D20: 17 | E20: =IF(D20<=$B$6,D20/Inputs!$B$9,"") | F20: =IF(D20<$B$6,$B$5,IF(D20=$B$6,$B$5+Inputs!$B$5,"")) | G20: =IF(D20<=$B$6,F20/(1+$B$8/Inputs!$B$9)^D20,"") | H20: =IF(D20<=$B$6,E20*G20,"")
D21: 18 | E21: =IF(D21<=$B$6,D21/Inputs!$B$9,"") | F21: =IF(D21<$B$6,$B$5,IF(D21=$B$6,$B$5+Inputs!$B$5,"")) | G21: =IF(D21<=$B$6,F21/(1+$B$8/Inputs!$B$9)^D21,"") | H21: =IF(D21<=$B$6,E21*G21,"")
D22: 19 | E22: =IF(D22<=$B$6,D22/Inputs!$B$9,"") | F22: =IF(D22<$B$6,$B$5,IF(D22=$B$6,$B$5+Inputs!$B$5,"")) | G22: =IF(D22<=$B$6,F22/(1+$B$8/Inputs!$B$9)^D22,"") | H22: =IF(D22<=$B$6,E22*G22,"")
D23: 20 | E23: =IF(D23<=$B$6,D23/Inputs!$B$9,"") | F23: =IF(D23<$B$6,$B$5,IF(D23=$B$6,$B$5+Inputs!$B$5,"")) | G23: =IF(D23<=$B$6,F23/(1+$B$8/Inputs!$B$9)^D23,"") | H23: =IF(D23<=$B$6,E23*G23,"")
D24: 21 | E24: =IF(D24<=$B$6,D24/Inputs!$B$9,"") | F24: =IF(D24<$B$6,$B$5,IF(D24=$B$6,$B$5+Inputs!$B$5,"")) | G24: =IF(D24<=$B$6,F24/(1+$B$8/Inputs!$B$9)^D24,"") | H24: =IF(D24<=$B$6,E24*G24,"")
... D163: 160 | E163: =IF(D163<=$B$6,D163/Inputs!$B$9,"") | F163: =IF(D163<$B$6,$B$5,IF(D163=$B$6,$B$5+Inputs!$B$5,"")) | G163: =IF(D163<=$B$6,F163/(1+$B$8/Inputs!$B$9)^D163,"") | H163: =IF(D163<=$B$6,E163*G163,"")

Sheet Guide
A1: Οδηγίες Χρήσης — Bond Calculator
A3: 1 | B3: Face Value | C3: Η ονομαστική αξία που θα αποπληρωθεί στη λήξη.
A4: 2 | B4: Market Price | C4: Η τιμή στην οποία αγοράζεται σήμερα το ομόλογο.
A5: 3 | B5: Coupon Rate | C5: Το ετήσιο κουπόνι ως ποσοστό της ονομαστικής αξίας.
A6: 4 | B6: Years to Maturity | C6: Ο χρόνος που απομένει έως τη λήξη.
A7: 5 | B7: Coupon Frequency | C7: Συνήθως 1 ή 2 πληρωμές coupon ανά έτος.
A8: 6 | B8: Current Yield | C8: Annual coupon / Market price. Δεν λαμβάνει υπόψη capital gain/loss στη λήξη.
A9: 7 | B9: YTM | C9: Η εσωτερική απόδοση που εξισώνει την παρούσα αξία των cash flows με την τιμή.
A10: 8 | B10: Duration | C10: Μέτρο χρονικής στάθμισης και ευαισθησίας της τιμής στις μεταβολές των επιτοκίων.
A12: Σημείωση: Η βασική έκδοση υποθέτει σταθερό coupon, κανονικές περιόδους πληρωμής, χωρίς embedded options, default risk ή accrued interest. Για bonds μεταξύ coupon dates θα δημιουργήσουμε αργότερα advanced έκδοση με settlement date και day-count conventions.
